 Dungeon Crawl Stone Soup version 0.17-a0-1301-ga863c44 (webtiles) character file.

208 Fluffy the Cudgeler (level 5, -4/32 HPs)
             Began as a Gargoyle Fighter on June 7, 2015.
             Slain by an ogre
             ... wielding a +0 giant club
              (15 damage)
             ... on level 6 of the Dungeon.
             The game lasted 00:04:10 (1820 turns).

Fluffy the Cudgeler (Gargoyle Fighter)              Turns: 1820, Time: 00:04:10

Health: -4/32      AC: 14    Str: 16    XL:     5   Next: 86%
Magic:  5/5        EV: 11    Int:  9    God:
Gold:   142        SH:  9    Dex: 15    Spells: 0 memorised, 4 levels left

rFire  . . .     SeeInvis .     a - +0 flail
rCold  . . .     Clarity  .     b - +0 scale mail
rNeg   + . .     SustAt   .     c - +0 shield
rPois  ∞         Gourm    .     r - +0 helmet
rElec  +         Spirit   .     (no cloak)
rCorr  .         Warding  .     (no gloves)
rMut   .         Stasis   .     (no boots)
MR     .....                    (no amulet)
Stlth  +.........               j - +2 ring of protection
                                f - -3 ring of strength (curse)

@: agile, not resistant to hostile enchantments, very unstealthy
A: negative energy resistance 1, electricity resistance, unbreathing,
petrification resistance, rot immunity, AC +4
a: no special abilities


You were on level 6 of the Dungeon.
You were hungry.

You visited 1 branch of the dungeon, and saw 4 of its levels.

You collected 142 gold pieces.

Inventory:

Hand weapons
 a - a +0 flail (weapon)
Armour
 b - a +0 scale mail (worn)
 c - a +0 shield (worn)
 r - a +0 helmet (worn)
Jewellery
 f - a cursed -3 ring of strength (left hand)
 g - an uncursed ring of sustain attributes
 j - a +2 ring of protection (right hand)
 o - an uncursed ring of ice
Potions
 d - a potion of might
 i - a potion of resistance
 k - 3 potions of flight {unknown}
 l - 2 potions of degeneration {unknown}
 m - a potion of experience {unknown}
 n - a potion of heal wounds {unknown}
 p - a potion of cancellation {unknown}
 q - a potion of lignification {unknown}
Comestibles
 e - 2 bread rations


   Skills:
 - Level 3.2 Fighting
 + Level 5.9 Maces & Flails
 - Level 3.2 Armour
 - Level 3.2 Shields


You had 4 spell levels left.
You didn't know any spells.

Dungeon Overview and Level Annotations

Branches:
Dungeon (6/15)
 Temple: D:4-7

Altars:
Ashenzari


Innate Abilities, Weirdness & Mutations

You are resistant to torment.
Your stone body is resilient (AC +4).
You are immune to poison.
You resist negative energy.
You are resistant to electric shocks.
You can survive without breathing.
You are immune to petrification.
You are immune to rotting.


Message History

You sock something!
Reactivating autopickup.
You feel a bit more experienced.
An ogre comes into view. It is wielding a giant club.
Things that are here:
a dagger; a robe Unknown command.
Unknown command.
Unknown command.
Drink which item? (? for menu, Esc to quit)
You feel agile all of a sudden.
Your scale mail prevents you from hitting the ogre.
The ogre barely misses you.
You hit the ogre.
The ogre is lightly wounded.
The ogre hits you but does no damage.
You hit the ogre.
The ogre is moderately wounded.
The ogre hits you with a giant club!
You die...

....[.###### #.#
$..?.......# #.#
...........####.#
...........'....#
...........######
.o.........#
......(....#
...........########.#
.!....#.....)O@.....#
.#### ###############


You could see an ogre.

Vanquished Creatures
  A crimson imp (D:3)
  An orc wizard (D:6)
  Robin (D:2)
  3 gnolls (D:3)
  A worker ant zombie (D:6)
  3 adders
  An ooze (D:1)
  3 worms
  2 giant geckos
  3 bats
  2 giant cockroaches
  14 goblins
  8 hobgoblins
  2 giant newts
  4 kobolds
  10 rats
59 creatures vanquished.

Notes
Turn   | Place    | Note
--------------------------------------------------------------
     0 | D:1      | Fluffy the Gargoyle Fighter began the quest for the Orb.
     0 | D:1      | Reached XP level 1. HP: 14/14 MP: 1/1
   185 | D:1      | Reached XP level 2. HP: 12/19 MP: 2/2
   471 | D:1      | Reached XP level 3. HP: 21/23 MP: 3/3
   868 | D:2      | Found a shattered altar of Ashenzari.
   901 | D:2      | Noticed Robin
   937 | D:2      | Killed Robin
   937 | D:2      | Reached skill level 4 in Maces & Flails
  1015 | D:2      | Reached XP level 4. HP: 25/28 MP: 4/4
  1448 | D:3      | Reached skill level 5 in Maces & Flails
  1448 | D:3      | Reached XP level 5. HP: 29/32 MP: 5/5
  1752 | D:3      | You fall through a shaft for 3 floors!
  1814 | D:6      | Noticed an ogre
  1820 | D:6      | Slain by an ogre

Vault maps used:
D:1:      dpeg_arrival_brainrot, kennysheep_flooded_box,
          minmay_tree_intersection
D:2:      nicolae_overflow_crystal_walls, first_bread, uniq_robin
D:3:      trog_wizard
D:6:      dk_noncrumbling_3, lightli_corner_chamber

Action                   |  1- 3 |  4- 6 || total
-------------------------+-------+-------++-------
Melee: Flail             |   161 |   135 ||   296
  Use: Scroll            |     1 |     4 ||     5
       Potion            |       |     1 ||     1
  Eat: Chunk             |     1 |     2 ||     3
